 Dungeon Crawl Stone Soup version 0.29.0-7-g18a832c13a (webtiles) character file.

Game seed: 12145137215996312926

218 KamiKatze the Chopper (level 5, -4/47 HPs)
             Began as a Minotaur Berserker on Aug 31, 2022.
             Was a Priest of Trog.
             Killed by divine providence
             ... invoked by an orc priest
              (9 damage)
             ... on level 4 of the Dungeon.
             The game lasted 00:07:53 (2303 turns).

KamiKatze the Chopper (Minotaur Berserker)          Turns: 2303, Time: 00:07:53

Health: -4/47      AC:  8    Str: 24    XL:     5   Next: 63%
Magic:  4/4        EV: 10    Int:  4    God:    Trog [***...]
Gold:   159        SH:  0    Dex:  9    Spells: 4/4 levels left

rFire   . . .      SeeInvis .   a - +0 hand axe
rCold   . . .      Faith    .   (no shield)
rNeg    . . .      Spirit   .   i - +0 scale mail
rPois   .          Reflect  .   (helmet restricted)
rElec   .          Harm     .   (no cloak)
rCorr   +          Rampage  .   f - +0 pair of gloves
Will    .....                   (no boots)
Stlth   ..........              (no amulet)
HPRegen 0.15/turn               v - ring of resist corrosion
MPRegen 0.09/turn               (no ring)

@: confused, mighty
A: horns 2, retaliatory headbutt
a: Renounce Religion, Berserk, Trog's Hand


You were on level 4 of the Dungeon.
You worshipped Trog.
Trog was most pleased with you.
You visited 1 branch of the dungeon, and saw 4 of its levels.

You collected 159 gold pieces.

Inventory:

Hand Weapons
 a - a +0 hand axe (weapon)
Missiles
 d - 47 stones (quivered)
Armour
 f - a +0 pair of gloves (worn)
 i - a +0 scale mail (worn)
 p - a +0 buckler
Jewellery
 v - a ring of resist corrosion (left hand)
Wands
 m - a wand of paralysis (9)
Scrolls
 b - a scroll of vulnerability {unknown}
 e - 4 scrolls of teleportation
 h - 2 scrolls of identify {unknown}
 k - 2 scrolls of blinking {unknown}
 n - a scroll of enchant weapon {unknown}
 q - a scroll of brand weapon {unknown}
 r - a scroll of fear
 s - a scroll of amnesia {unknown}
 t - a scroll of torment {unknown}
 u - a scroll of enchant armour {unknown}
Potions
 c - a potion of heal wounds {unknown}
 g - a potion of might
 j - 2 potions of lignification {unknown}
 l - a potion of attraction {unknown}
 o - 7 potions of curing {unknown}
 w - 2 potions of magic {unknown}
 x - a potion of cancellation {unknown}


   Skills:
 + Level 4.6 Fighting
 * Level 5.5 Axes
 + Level 3.7 Armour
 + Level 3.3 Dodging
 + Level 1.0 Evocations


You had 4 spell levels left.
You didn't know any spells.
Your spell library was empty.

Dungeon Overview and Level Annotations

Branches:
Dungeon (4/15)
 Temple: D:4-7

Altars:
Sif Muna
Vehumet
The Shining One


Innate Abilities, Weirdness & Mutations

You have a pair of horns on your head.
You reflexively headbutt those who attack you in melee.


Message History

The phantom is severely damaged.
The phantom hits you but does no damage.
The orc priest barely misses you.
You hear some strange, mumbled words.
A magic dart appears from out of thin air!
The magic dart hits you!
* * * LOW HITPOINT WARNING * * *
The orc priest attacks as you move away!
The orc priest closely misses you. Something hits you but does no damage.
A magic dart appears from out of thin air!
The magic dart hits you.
* * * LOW HITPOINT WARNING * * *
The phantom hits you.
* * * LOW HITPOINT WARNING * * *
The phantom blinks!
You blink.
Found a scroll of teleportation.
Okay, then.
Unknown command.
Unknown command.
Okay, then.
Unknown command.
Unknown command.
The phantom attacks as you move away! The phantom hits you.
* * * LOW HITPOINT WARNING * * *
Unknown command.
The phantom misses you.
It was a potion of might.
You feel very mighty all of a sudden. The phantom completely misses you.
You slash the phantom!
You destroy the phantom!
Trog accepts your kill.
The orc priest calls down the wrath of Beogh upon you.
Pain shoots through your body!
* * * LOW HITPOINT WARNING * * *
A magic dart appears from out of thin air!
The magic dart hits you.
* * * LOW HITPOINT WARNING * * *
The orc priest mumbles some strange prayers to Beogh against you.
Beogh smites you!
You die...

.o. #..............##
.o.
###.............###
..# #.............#.#
.# ##.........)...##
# #.............# ##
#.............## .#
#..............# .#
##..............# ..#
#...@.o.[.......##
...
#........{..........#
...
...................##
..#
..................##
##
..?...............#
..............<...#
..................#
..................#
............##


You could see an orc priest.

Vanquished Creatures
  A phantom (D:4)
  A scorpion (D:4)
  An iguana (D:3)
  4 adders (D:2)
  An ufetubus (D:3)
  A worm (D:2)
  3 dart slugs
  An orc (D:3)
  7 ball pythons
  6 endoplasms
  5 giant cockroaches
  7 goblins
  7 hobgoblins
  5 quokkas
  5 bats
  14 frilled lizards
  6 kobolds
  9 rats
84 creatures vanquished.

Vanquished Creatures (others)
  9 plants (D:3)
9 creatures vanquished.

Grand Total: 93 creatures vanquished

Notes
Turn   | Place    | Note
-------+----------+-------------------------------------------
     0 | D:1      | KamiKatze the Minotaur Berserker began the quest for the
                  | Orb.
     0 | D:1      | Reached XP level 1. HP: 19/19 MP: 0/0
    80 | D:1      | Reached XP level 2. HP: 26/27 MP: 1/1
   102 | D:1      | Reached skill level 4 in Axes
   297 | D:1      | Reached ** piety under Trog
   298 | D:1      | Reached XP level 3. HP: 27/33 MP: 2/2
   662 | D:2      | Reached XP level 4. HP: 40/40 MP: 3/3
   849 | D:2      | Found a glowing golden altar of the Shining One.
  1229 | D:3      | Reached skill level 5 in Axes
  1333 | D:3      | Found a radiant altar of Vehumet.
  1665 | D:3      | Found a shimmering blue altar of Sif Muna.
  1676 | D:3      | Reached XP level 5. HP: 30/47 MP: 4/4
  2132 | D:4      | Reached *** piety under Trog
  2200 | D:4      | Reached skill level 1 in Evocations
  2230 | D:4      | Noticed a phantom
  2303 | D:4      | Killed a phantom
  2303 | D:4      | Killed from afar by an orc priest

Illustrated notes

Levels and vault maps discovered:
D:1:      wander_arrival_peaceful_grave, layout_rooms, minmay_misc_feat_encased
D:2:      layout_rooms, basic_altar
D:3:      kennysheep_six_static_rooms, layout_loops_ring, fiery_altar_vehumet,
          mainiacjoe_overflow_small_starburst, dk_vineyard_1, minmay_lizard_king
D:4:      layout_layer_cave

Skill      XL: |  1  2  3  4  5 |
---------------+----------------+-----
Axes           | 4 5 |  5.5
Fighting       | 4 |  4.6
Armour         | 3 |  3.7
Dodging        | 3 |  3.3
Evocations     | 1 |  1.0

Action                   |  1- 3 |  4- 6 || total
-------------------------+-------+-------++-------
Melee: Hand axe          |    82 |    95 ||   177
       Headbutt          |     8 |    11 ||    19
Invok: Berserk           |     2 |       ||     2
  Use: Scroll            |       |     2 ||     2
       Potion            |       |     1 ||     1
Armor: Animal skin       |     9 |       ||     9
       Scale mail        |    19 |    43 ||    62
Dodge: Dodged            |    47 |    57 ||   104
